 Dungeon Crawl Stone Soup version 0.20-a0-277-g7db01f4 (webtiles) character file.

153 mopl the Stinger (level 5, 0/28 HPs)
             Began as a Deep Elf Venom Mage on Dec 13, 2016.
             Slain by an orc wizard
             ... wielding a +0 dagger
              (4 damage)
             ... on level 3 of the Dungeon.
             The game lasted 00:03:10 (2439 turns).

mopl the Stinger (Deep Elf Venom Mage)              Turns: 2439, Time: 00:03:10

Health: 0/28       AC:  3    Str:  5    XL:     5   Next: 12%
Magic:  9/13       EV: 13    Int: 21    God:
Gold:   81         SH:  0    Dex: 15    Spells: 4/12 levels left

rFire  . . .     SeeInvis .     v - -3 spear (curse)
rCold  . . .     Gourm    .     a - +0 robe
rNeg   . . .     Faith    .     (no shield)
rPois  .         Spirit   .     (no helmet)
rElec  .         Reflect  .     j - +0 cloak
rCorr  .         Harm     .     (no gloves)
MR     .....                    (no boots)
Stlth  ++........               (no amulet)
                                (no ring)
                                (no ring)

@: no status effects
A: no striking features
a: no special abilities


You were on level 3 of the Dungeon.
You were hungry.

You visited 1 branch of the dungeon, and saw 3 of its levels.

You collected 81 gold pieces.

Inventory:

Hand Weapons
 s - a +0 trident
 v - a cursed -3 spear (weapon)
Missiles
 y - 18 poisoned needles
Armour
 a - a +0 robe (worn)
 j - a +0 cloak (worn)
Scrolls
 g - 2 scrolls of immolation {unknown}
 i - a scroll of recharging {unknown}
 k - 3 scrolls of identify {unknown}
 l - a scroll of remove curse {unknown}
 n - a scroll of magic mapping {unknown}
 o - 2 scrolls of teleportation {unknown}
 p - a scroll of fear {unknown}
 w - 2 scrolls of amnesia {unknown}
 z - a scroll of fog {unknown}
Potions
 d - a potion of flight {unknown}
 e - a potion of might {unknown}
 h - 2 potions of curing {unknown}
 q - a potion of haste {unknown}
 r - a potion of agility {unknown}
 t - a potion of degeneration {unknown}
 u - a potion of mutation {unknown}
Books
 b - a Young Poisoner's Handbook

   Spells                             Type                      Level
   a - Sting                          Conjuration/Poison           1
   b - Mephitic Cloud                 Conjuration/Poison/Air       3
   c - Olgreb's Toxic Radiance        Poison                       4
   d - Alistair's Intoxication        Transmutation/Poison         5
   e - Venom Bolt                     Conjuration/Poison           5
Comestibles
 c - 4 bread rations
 f - a fruit
 m - a beef jerky


   Skills:
 - Level 2.4 Dodging
 - Level 2.4 Stealth
 + Level 4.2 Spellcasting
 + Level 2.3 Conjurations
 * Level 6.0 Poison Magic


You had 4 spell levels left.
You knew the following spells:

 Your Spells              Type           Power        Failure   Level  Hunger
a - Sting                 Conj/Pois      ###.         1%          1    None
b - Olgreb's Toxic Radia  Pois           ####....     12%         4    ####...
d - Mephitic Cloud        Conj/Pois/Air  ###.....     14%         3    ###....


Dungeon Overview and Level Annotations

Branches:
Dungeon (3/15)

Altars:


Message History

Your toxic aura wanes.
You kill the orc!
You kill the orc!
Your Poison Magic skill increases to level 6!
The orc wizard hits you with a dagger.
The orc wizard points at you and mumbles some strange words.
You are confused.
The orc wizard gestures at you while chanting.
The puff of flame hits you!
The orc wizard gestures at you while chanting.
The magic dart hits you!
* * * LOW HITPOINT WARNING * * *
The orc wizard looks more healthy.
The orc wizard casts a spell.
The orc wizard flickers and vanishes!
Deactivating autopickup; reactivate with Ctrl-A.
You bump into the rock wall.
You feel less confused.
You start resting.
Something hits you.
You die...

##.......#.###.# #.#..
#....###.## #.# #.##.
#.#.##
##.###.########.###
#.#.# #..............# #
#.#.## ##.###.########.#
# #....###..# #.# #.# #
#..##...#.# #.########.#
# #..###.##.#
#).).......# #
#..###.##@###..#########
# #............).# #
##.#####..####.# # #.#
#..# #.# # #.# #..# #.#
# #.# #..# #.###########
#.#####..# #............
#........# #############
#######.## #.


There were no monsters in sight!

Vanquished Creatures
  An iguana (D:3)
  3 gnolls (D:3)
  3 adders
  An ooze (D:2)
  2 worms (D:2)
  2 dart slugs (D:2)
  A leopard gecko (D:2)
  6 orcs (D:3)
  7 bats
  3 giant cockroaches
  5 goblins
  3 hobgoblins
  4 frilled lizards
  7 kobolds
  9 rats
57 creatures vanquished.

Notes
Turn   | Place    | Note
-------+----------+-------------------------------------------
     0 | D:1      | mopl the Deep Elf Venom Mage began the quest for the Orb.
     0 | D:1      | Reached XP level 1. HP: 10/10 MP: 6/6
   478 | D:1      | Reached XP level 2. HP: 15/15 MP: 5/8
   961 | D:2      | Reached skill level 5 in Poison Magic
  1094 | D:2      | Reached XP level 3. HP: 11/19 MP: 0/10
  1099 | D:2      | Learned a level 3 spell: Mephitic Cloud
  1211 | D:2      | Reached skill level 1 in Conjurations
  1756 | D:3      | Reached XP level 4. HP: 24/24 MP: 9/11
  1765 | D:3      | Learned a level 4 spell: Olgreb's Toxic Radiance
  1785 | D:3      | Reached skill level 4 in Spellcasting
  2114 | D:3      | Reached skill level 2 in Conjurations
  2262 | D:3      | Reached XP level 5. HP: 28/28 MP: 9/13
  2432 | D:3      | Reached skill level 6 in Poison Magic
  2439 | D:3      | Slain by an orc wizard

Vault maps used:
D:1:      dpeg_arrival_tiny_g, minmay_close_crescents
D:2:      hangedman_feature_mirror

Skill      XL: |  1  2  3  4  5 |
---------------+----------------+-----
Poison Magic   | 5 6 |  6.0
Conjurations   | 1 2 |  2.3
Spellcasting   | 4 |  4.2
Dodging        | |  2.4
Stealth        | |  2.4

Action                   |  1- 3 |  4- 6 || total
-------------------------+-------+-------++-------
Melee: Trident           |     2 |       ||     2
 Cast: Sting             |    92 |    27 ||   119
       Olgreb's Toxic Ra |       |     2 ||     2
  Eat: Chunk             |     2 |     2 ||     4
Armor: Robe              |     2 |       ||     2
Dodge: Dodged            |     9 |     1 ||    10
